Map: Acropolis LE

Players

LiquidSnute (Snute)

  • Race: Zerg Zerg
  • League: Grandmaster
  • Spawn Location: 11:00

Armani - Winner!

  • Race: Zerg Zerg
  • Spawn Location: 5:00

Event: 2019 Assembly Summer

VOD

Have the link to the VOD?

Description

Time

  • Played on: Aug. 1, 2019, 7:11 a.m.
  • Length: 6:57

All games in this series

Show
View Real Time Build Order
Export as new Build Order

LiquidSnute Zerg 

Build Orders: Hatch First 

Get SALT Encoding   

  12  0:00  Drone  
  13  0:12  Overlord  
  13  0:17  Drone  
  14  0:30  Drone x2  
  14  0:34  Drone  
  17  0:51  Hatchery  
  17  0:54  Drone  
  17  0:57  Drone  
  18  1:01  Extractor  
  17  1:12  Spawning Pool  
  17  1:15  Drone  
  17  1:18  Drone  
  18  1:28  Drone  
  19  1:38  Overlord  
  19  1:49  Drone  
  20  1:58  Queen  
  20  2:00  Drone  
  23  2:02  Metabolic Boost  
  23  2:03  Queen  
  23  2:05  Drone  
  26  2:11  Drone  
  26  2:14  Drone  
  28  2:21  Drone  
  29  2:24  Zergling x2  
  30  2:32  Zergling x2  
  30  2:37  Hatchery, Zergling x2  
  30  2:43  Overlord  
  31  2:49  Drone  
  32  2:54  Drone, Baneling Nest  
  32  2:57  Drone  
  34  3:05  Drone  
  34  3:07  Zergling x8  
  34  3:12  Zergling x6  
  41  3:17  Overlord  
  41  3:21  Queen  
  43  3:27  Drone  
  43  3:33  Overlord  
  44  3:35  Drone  
  44  3:37  Drone  
  44  3:38  Drone  
  46  3:41  Drone x2  
  46  3:42  Baneling  
  43  3:48  Zergling x6  
  43  3:51  Drone  
  43  3:52  Drone  
  47  4:02  Zergling x6  
  48  4:06  Queen  
  48  4:07  Baneling  
  48  4:08  Baneling  
  50  4:10  Baneling  
  50  4:11  Baneling  
  50  4:15  Zergling x6  
  52  4:18  Extractor  
  52  4:21  Drone x2  
  52  4:29  Drone x5  
  56  4:33  Drone x3  
  56  4:34  Extractor  
  57  4:42  Lair  
  57  4:44  Drone x3  
  60  4:49  Evolution Chamber  
  60  4:50  Baneling x2, Roach Warren  
  56  4:56  Drone x4  
  56  4:57  Drone  
  61  5:01  Drone x2  
  61  5:05  Drone x2  
  65  5:09  Overlord  
  63  5:14  Overlord  
  63  5:15  Overlord  
  63  5:23  Drone x2  
  63  5:25  Overlord  
  65  5:30  Roach x4  
  73  5:41  Nydus Network  
  72  5:43  Extractor  
  72  5:44  Roach x3  
  76  5:51  Queen x2  
  76  5:54  Roach x3  
  86  5:57  Roach  
  86  6:02  Roach  
  88  6:05  Overlord  
  88  6:07  Overlord  
  88  6:10  Roach x2  
  82  6:11  Roach x5  
  82  6:15  Roach  
  82  6:16  Roach  
  71  6:20  Roach x2  
  71  6:24  Roach  
  72  6:26  Zergling x2  
  72  6:27  Zergling x2  
  72  6:31  Roach  
  72  6:36  Roach  
Show
View Real Time Build Order
Export as new Build Order

Armani Zerg - Winner!

Build Orders: Hatch First, Zergling Baneling 

Get SALT Encoding   

  12  0:01  Drone  
  13  0:13  Overlord  
  13  0:18  Drone  
  14  0:32  Drone x2  
  16  0:49  Hatchery  
  15  0:52  Drone  
  15  0:54  Drone  
  17  1:00  Drone  
  18  1:09  Extractor  
  17  1:14  Spawning Pool  
  17  1:16  Drone  
  17  1:19  Drone  
  18  1:29  Drone  
  19  1:39  Drone  
  20  1:51  Overlord  
  20  2:02  Queen x2  
  20  2:03  Drone, Zergling x2  
  26  2:10  Metabolic Boost  
  26  2:12  Drone x2  
  28  2:22  Drone  
  29  2:24  Drone  
  30  2:33  Hatchery  
  29  2:37  Drone x2  
  31  2:45  Baneling Nest  
  31  2:46  Drone  
  31  2:53  Queen  
  33  2:59  Overlord  
  33  3:02  Zergling x2  
  33  3:03  Drone  
  35  3:08  Zergling x2  
  36  3:17  Zergling x6, Evolution Chamber  
  38  3:20  Drone x2  
  38  3:24  Zergling x4  
  41  3:28  Baneling x3  
  41  3:29  Baneling  
  42  3:34  Drone x2  
  42  3:36  Zergling x2  
  44  3:42  Overlord  
  44  3:46  Zergling x4  
  44  3:48  Drone x2  
  47  3:51  Drone  
  48  3:55  Drone  
  48  3:59  Drone  
  48  4:00  Drone  
  48  4:01  Drone  
  48  4:02  Drone  
  52  4:03  Drone  
  53  4:12  Roach Warren  
  53  4:13  Zergling x2  
  53  4:17  Overlord  
  53  4:18  Drone  
  53  4:20  Extractor  
  53  4:21  Extractor  
  51  4:30  Baneling x2  
  49  4:32  Overlord  
  49  4:33  Drone x2  
  49  4:34  Drone  
  49  4:35  Overlord  
  49  4:36  Drone  
  51  4:47  Zergling x6  
  53  4:54  Baneling x2  
  53  4:57  Roach x6  
  63  5:06  Roach x2  
  67  5:12  Zergling x22  
  76  5:25  Zergling x8  
  80  5:28  Overlord  
  80  5:32  Ravager x2  
  80  5:33  Overlord  
  82  5:36  Overlord  
  82  5:43  Baneling x5  
  81  5:55  Zergling x6  
  81  5:56  Zergling x18  
  85  6:14  Zergling x18  
  85  6:27  Drone  
  85  6:30  Zergling x8  
  85  6:31  Zergling x2  
  91  6:39  Zergling x2  
  88  6:40  Zergling x12  
Tags
 
Add a new tag
Caveats
  • Supply blocks, unpowered buildings, or Contaminate may cause inaccurate times.
  • Supply counts are checked every 10 seconds.